 Dungeon Crawl Stone Soup version 0.31-a0-188-g5e087ee2ca (webtiles) character file.

Game seed: 12242961421137816880

290 qw the Skirmisher (level 6, -2/36 HPs)
             Began as a Deep Elf Hunter on June 23, 2023.
             Slain by an orc warrior
             ... wielding a +0 flail
              (7 damage)
             ... on level 4 of the Dungeon.
             The game lasted 00:00:54 (2057 turns).

qw the Skirmisher (Deep Elf Hunter)                 Turns: 2057, Time: 00:00:54

Health: -2/36      AC: 10    Str: 10    XL:     6   Next: 9%
Magic:  8/8        EV: 11    Int: 14    God:
Gold:   133        SH:  0    Dex: 18    Spells: 5/5 levels left

rFire   . . .        Y - +1 shortbow
rCold   . . .        (shield currently unavailable)
rNeg    . . .        f - +0 ring mail
rPois   .            c - +0 helmet
rElec   .            (no cloak)
rCorr   .            (no gloves)
SInv    .            (no boots)
Will    .....        (no amulet)
Stlth   +            b - +4 ring of protection
HPRegen 0.26/turn    (no ring)
MPRegen 0.11/turn

%: no passive effects
@: about to teleport
A: no striking features
a: no special abilities


You were on level 4 of the Dungeon.
You visited 1 branch of the dungeon, and saw 4 of its levels.

You collected 133 gold pieces.


   Skills:
 - Level 2.5 Fighting
 + Level 9.2 Ranged Weapons
 - Level 2.4 Dodging
 - Level 1.2 Stealth


You had 5 spell levels left.
You didn't know any spells.
Your spell library was empty.

Inventory:

Hand Weapons
 Y - a +1 shortbow (weapon)
Armour
 c - a +0 helmet (worn)
 f - a +0 ring mail (worn)
Jewellery
 b - a +4 ring of protection (left hand)
 h - a ring of ice
Scrolls
 a - 3 scrolls of identify
 d - a scroll of immolation {unknown}
Potions
 e - a potion of curing

Dungeon Overview and Level Annotations

Branches:
Dungeon (4/15)
 Temple: D:4-7

Altars:


Message History

You open the door.
There is an open door here.
A hobgoblin comes into view.
An orc warrior comes into view. It is wielding a +0 flail.
You shoot an arrow. The orc warrior shouts!
The arrow hits the orc warrior but does no damage.
The hobgoblin shouts!
You hear a bark! x2
You shoot an arrow. The arrow hits the orc warrior.
The orc warrior is lightly wounded.
The orc warrior closely misses you.
You shoot an arrow.
The arrow barely misses the orc warrior.
A jackal comes into view.
The orc warrior hits you with a +0 flail.
You shoot an arrow.
The arrow closely misses the orc warrior.
The orc warrior hits you with a +0 flail.
You shoot an arrow. The arrow hits the orc warrior.
The orc warrior is lightly wounded.
The orc warrior closely misses you.
You shoot an arrow. The arrow hits the orc warrior.
The orc warrior is moderately wounded.
The orc warrior hits you with a +0 flail.
You shoot an arrow.
The arrow closely misses the orc warrior.
The jackal bites you but does no damage.
The orc warrior hits you with a +0 flail!
The jackal bites you but does no damage.
2056 ||| READING scroll of teleportation.
As you read the scroll of teleportation, it crumbles to dust.
You feel strangely unstable. The orc warrior closely misses you.
The jackal misses you.
You shoot an arrow.
The arrow hits the orc warrior but does no damage.
The orc warrior is moderately wounded.
The orc warrior hits you with a +0 flail.
The jackal bites you but does no damage.
The orc warrior hits you with a +0 flail!
You die...

#.).....##
#........#
#....)...#
#....[.[.#####
#............#
#........###.#
##.......#
###..#'##
#..#@#
#..#ho....#
####...#....
....# .. ....#
#....# #....#
#.....


You could see an orc warrior and a jackal.

Vanquished Creatures
  A phantom (D:4)
  An iguana (D:4)
  Natasha (thrice) (D:3)
  A gnoll (D:1)
  3 adders
  3 dart slugs
  4 orcs
  6 ball pythons
  7 endoplasms
  2 giant cockroaches
  4 goblins
  5 hobgoblins
  6 jackals (D:1)
  3 quokkas
  7 bats
  2 frilled lizards (D:1)
  7 kobolds
  7 rats
72 creatures vanquished.

Notes
Turn   | Place    | Note
-------+----------+-------------------------------------------
     0 | D:1      | qw the Deep Elf Hunter began the quest for the Orb.
     0 | D:1      | Reached XP level 1. HP: 12/12 MP: 3/3
     0 | D:1      | 0 ||| qw: Version: 0.3-a-9-g12657ce
     0 | D:1      | 0 ||| qw: Game counter: 3357
     0 | D:1      | 0 ||| qw: Always use a shield: true
     0 | D:1      | 0 ||| qw: God list: Okawaru
     0 | D:1      | 0 ||| qw: Allow faded altars: false
     0 | D:1      | 0 ||| qw: Do Orc after D:15 true
     0 | D:1      | 0 ||| qw: Do second Lair branch before Depths: true
     0 | D:1      | 0 ||| qw: Lair rune preference: random
     0 | D:1      | 0 ||| qw: Plans: Normal
     0 | D:1      | 0 ||| PLANNING D:1-11
    89 | D:1      | Reached XP level 2. HP: 16/16 MP: 4/4
    92 | D:1      | Reached skill level 6 in Ranged Weapons
   298 | D:1      | Reached XP level 3. HP: 20/20 MP: 5/5
   620 | D:1      | Reached skill level 7 in Ranged Weapons
   879 | D:1      | 879 ||| UPGRADING to +0 ring mail.
   889 | D:1      | 889 ||| DROPPING +0 leather armour.
   890 | D:1      | 890 ||| DROPPING +6 ring of intelligence.
   891 | D:1      | 891 ||| READING scroll labelled FUTOOD ENOPH.
   892 | D:1      | 892 ||| READING scroll labelled AREHAURGH WALI.
   893 | D:1      | 893 ||| READING scroll labelled JEYROLL FIHAUMOPP.
   894 | D:1      | 894 ||| READING scroll labelled XITYNA IRARO.
   895 | D:1      | 895 ||| DROPPING scroll of butterflies.
  1112 | D:2      | Reached XP level 4. HP: 25/25 MP: 6/6
  1248 | D:2      | 1248 ||| UPGRADING to +4 ring of protection.
  1249 | D:2      | 1249 ||| READING scroll labelled WUXZOINIASH.
  1250 | D:2      | 1250 ||| READING scroll labelled LEMYGEVION.
  1280 | D:3      | Noticed Natasha
  1291 | D:3      | Killed Natasha
  1482 | D:3      | Reached skill level 8 in Ranged Weapons
  1488 | D:3      | You fall into a shaft and drop 1 floor!
  1494 | D:4      | 1494 ||| UPGRADING to +0 helmet.
  1629 | D:3      | Noticed Natasha
  1636 | D:3      | Killed Natasha
  1637 | D:3      | Reached XP level 5. HP: 23/29 MP: 7/7
  1682 | D:3      | Noticed Natasha
  1694 | D:3      | Killed Natasha
  1925 | D:3      | 1925 ||| READING scroll labelled GEIDACH COCUJE.
  1926 | D:3      | 1926 ||| READING 3 scrolls of identify.
  1926 | D:3      | 1926 ||| IDENTIFYING murky puce potion
  1978 | D:4      | Reached skill level 9 in Ranged Weapons
  1995 | D:4      | Noticed a phantom
  2006 | D:4      | Killed a phantom
  2007 | D:4      | Reached XP level 6. HP: 36/36 MP: 8/8
  2048 | D:4      | Noticed an orc warrior
  2055 | D:4      | HP: 5/36 [orc warrior/+0 flail (15)]
  2056 | D:4      | 2056 ||| READING scroll of teleportation.
  2057 | D:4      | Slain by an orc warrior

Levels and vault maps discovered:
D:1:      nzn_arrival_depleted_hourglass, layout_basic
D:2:      layout_basic
D:3:      layout_loops_ring, minmay_misc_feat_five, uniq_natasha
D:4:      layout_basic, nicolae_shop_self_help

Skill      XL: |  1  2  3  4  5 |
---------------+----------------+-----
Ranged Weapons | 6 7 8 9 |  9.2
Fighting       | 2 |  2.5
Dodging        | |  2.4
Stealth        | |  1.2

Action                     |  1- 3 |  4- 6 || total
---------------------------+-------+-------++-------
   Fire: Shortbow          |    99 |   113 ||   212
    Use: Scroll            |     4 |     5 ||     9
 Armour: Leather armour    |     9 |       ||     9
         Ring mail         |     2 |    23 ||    25
  Dodge: Dodged            |    24 |    28 ||    52

Table legend:
 A = Non-vault XP
 B = Vault XP
 C = Vault XP percentage of total XP
 D = Non-vault monster count
 E = Vault monster count
 F = Vault count percentage of total count
                 A         B        C        D         E       F
            +---------+---------+-------+---------+---------+-------
      Total |     380 |      35 |   8.4 |      71 |       1 |   1.4
            +---------+---------+-------+---------+---------+-------
        D:1 |      69 |       0 |   0.0 |      36 |       0 |   0.0
        D:2 |      34 |       0 |   0.0 |      11 |       0 |   0.0
        D:3 |     122 |      35 |  22.3 |      16 |       1 |   5.9
        D:4 |     155 |       0 |   0.0 |       8 |       0 |   0.0
            +---------+---------+-------+---------+---------+-------
